 Dungeon Crawl Stone Soup version 0.27-a0-1186-g8b4daa1eef (webtiles) character file.

Game seed: 16611013318938642989

4408 ahrsahrtis the Thaumaturge (level 10, -5/91 HPs)
             Began as a Purple Draconian Conjurer on May 19, 2021.
             Was a Follower of Sif Muna.
             Slain by a cacodemon (17 damage)
             ... created by the fury of Makhleb
             ... on level 7 of the Dungeon on May 20, 2021.
             The game lasted 00:37:41 (10644 turns).

ahrsahrtis the Thaumaturge (DrCj)                  Turns: 10644, Time: 00:37:42

Health: -5/91      AC:  9    Str: 10    XL:     10   Next: 14%
Magic:  16/23      EV: 13    Int: 21    God:    Sif Muna [*.....]
Gold:   370        SH:  0    Dex:  8    Spells: 25/28 levels left

rFire    . . .     SeeInvis .   C - +7 dire flail
rCold    . . .     Faith    .   (shield currently unavailable)
rNeg     . . .     Spirit   .   (armour unavailable)
rPois    +         Reflect  .   (helmet restricted)
rElec    .         Harm     .   w - +0 cloak
rCorr    .         Rampage  .   H - +0 pair of gloves
Will     +....                  (no boots)
Stlth    +.........             (no amulet)
HPRegen  0.25/turn              (no ring)
MPRegen  0.18/turn              (no ring)

@: slowed, very slow
A: breathe power, AC +7, unfitting armour, cold-blooded, hooves 1, clumsy 1,
poison resistance, wild magic 2
a: Breathe Dispelling Energy, Renounce Religion, Channel Magic


You were on level 7 of the Dungeon.
You worshipped Sif Muna.
Sif Muna was aware of your devotion.
You visited 1 branch of the dungeon, and saw 8 of its levels.

You collected 370 gold pieces.

Inventory:

Hand Weapons
 C - a +7 dire flail (weapon)
Missiles
 i - 20 poisoned darts
Armour
 w - a +0 cloak (worn)
 H - a +0 pair of gloves (worn)
Wands
 q - a wand of flame (16)
 y - a wand of polymorph (7)
 D - a wand of acid (10)
Scrolls
 a - a scroll of enchant armour {unknown}
 b - a scroll of noise {unknown}
 c - 2 scrolls of blinking
 e - a scroll of torment {unknown}
 g - a scroll of summoning
 h - a scroll of immolation
 m - 2 scrolls of teleportation
 o - 2 scrolls of identify
 v - a scroll of amnesia {unknown}
 x - a scroll of magic mapping {unknown}
 E - a scroll of fog {unknown}
 F - a scroll of vulnerability {unknown}
 G - a scroll of holy word {unknown}
Potions
 f - 2 potions of might
 j - a potion of haste {unknown}
 k - 2 potions of heal wounds {unknown}
 l - 2 potions of magic
 n - 2 potions of mutation
 r - a potion of lignification {unknown}
 t - a potion of attraction {unknown}
 u - a potion of brilliance {unknown}
 z - a potion of curing
 A - 2 potions of cancellation


   Skills:
 * Level 9.3 Fighting
 + Level 5.8 Dodging
 - Level 1.7 Stealth
 * Level 9.6 Spellcasting
 + Level 7.3 Conjurations


You had 25 spell levels left.
You knew the following spells:

 Your Spells              Type           Power      Damage    Failure   Level
a - Searing Ray           Conj           100%       3d7       2%          2
b - Magic Dart            Conj           100%       1d8       2%          1

Your spell library contained the following spells:

 Spells                   Type           Power      Damage    Failure   Level
 Dazzling Flash           Conj/Hex       80%        N/A       12%         3
 Fulminant Prism          Conj/Hex       20%        3d13      30%         4
 Iskenderun's Mystic Bla  Conj/Tloc      40%        2d9       30%         4


Dungeon Overview and Level Annotations

Branches:
Dungeon (8/15)             Temple (0/1) D:7
   Lair: D:8-11

Altars:
Dithmenos
Makhleb
Sif Muna

Shops:
D:8 !

Annotations:
D:3 3 runed translucent doors, FacelessVoid's ghost, amateur DsGl
D:5 2 transporters, Orlauf's ghost, amateur DsGl


Innate Abilities, Weirdness & Mutations

You can breathe bolts of dispelling energy.
Your rich purple scales are hard. (AC +7)
You cannot fit into any form of body armour.
You are cold-blooded and may be slowed by cold attacks.
You have large cloven feet.
You are clumsy. (Dex -2)
Your system is resistant to poisons. (rPois)
Your spells are harder to cast, but more powerful.


Message History

Confirm with . or Enter, or press ? or * to list all spells.
Aiming: Searing Ray (safe; 2% risk of failure)
Press: ? - help, Shift-Dir - straight line, f - orange demon
Aim: an orange demon (durably summoned, 90% to hit)
The searing ray hits the orange demon!
The orange demon is moderately wounded. (Press . to maintain the ray.)
The cacodemon gestures at you.
Strange energies course through your body.
You feel clumsy.
The searing ray hits the orange demon.
The orange demon is moderately wounded.
The orange demon stings you but does no damage.
The orange demon misses you.
The searing ray hits the orange demon!!
The orange demon is severely wounded.
The orange demon stings you from afar. The cacodemon gestures at you.
You resist with some effort.
Casting: Searing Ray (safe; 2% risk of failure)
Confirm with . or Enter, or press ? or * to list all spells.
Aiming: Searing Ray (safe; 2% risk of failure)
Press: ? - help, Shift-Dir - straight line, f/p - orange demon
Aim: an orange demon (severely wounded, durably summoned, 90% to hit)
The searing ray hits the orange demon!
The orange demon is almost dead. (Press . to maintain the ray.)
The orange demon barely misses you. x2
The searing ray hits the orange demon!
The orange demon is almost dead.
The orange demon stings you from afar! The cacodemon gestures at you.
The bolt of energy hits you!!
* * * LOW HITPOINT WARNING * * *
The searing ray hits the orange demon!
You kill the orange demon!
That felt strangely unrewarding.
The cacodemon hits you!
* * * LOW HITPOINT WARNING * * *
The cacodemon completely misses you. The cacodemon hits you!
You die...

#.# #......####..###.รท #.#
#......# #...##... #.#
#......###..###... #.#
#......(...###...# #.#
#).....>#..##..... #.#
#.........######.# #.#
#........#######.#
#.###........#...<...#
#.##.@##...#...#######
#.#..2##.....###
#.#.........##
#...........##########
###.....................
#####................#......
#...........................
#######.####......##........
#.# #......##########


You could see a cacodemon.

Vanquished Creatures
  A green death (D:6)
  Pikel (D:5)
  A smoke demon (D:6)
  2 orange demons
  A hellwing (D:8)
  Sigmund (D:5)
  A wyvern (D:7)
  A wraith (D:5)
  3 yaks
  2 ynoxinuls (D:6)
  Eustachio (D:4)
  3 water moccasins
  Duvessa (D:5)
  A necrophage (D:5)
  An ice beast (D:6)
  2 black bears
  4 centaurs
  A phantom (D:3)
  2 lemures (D:5)
  Blork the orc (D:6)
  2 kobold brigands (D:7)
  A bullfrog (D:7)
  A gnoll sergeant (D:7)
  4 scorpions
  Dowan (D:5)
  11 wights
  A jelly (D:5)
  3 bullfrog zombies
  3 hounds
  A bullfrog skeleton (D:6)
  3 iguanas
  3 orc wizards
  Robin (D:3)
  4 gnolls
  A howler monkey zombie (D:7)
  9 adders
  2 shadow imps (D:5)
  2 white imps
  An ufetubus (D:5)
  2 worms
  2 dart slugs
  7 orcs
  8 endoplasms
  2 giant cockroaches
  15 goblins
  8 hobgoblins
  13 jackals
  5 quokkas
  11 ball pythons
  5 bats
  A frilled lizard (D:2)
  A goblin zombie (D:5)
  15 kobolds
  6 rats
  A rat zombie (D:5)
  A bush (D:3)
188 creatures vanquished.

Vanquished Creatures (others)
  9 plants (D:3)
9 creatures vanquished.

Grand Total: 197 creatures vanquished

Notes
Turn   | Place    | Note
-------+----------+-------------------------------------------
     0 | D:1      | ahrsahrtis the Draconian Conjurer began the quest for the
                  | Orb.
     0 | D:1      | Reached XP level 1. HP: 14/14 MP: 3/3
   331 | D:1      | Found a faded altar of an unknown god.
   336 | D:1      | Reached XP level 2. HP: 22/22 MP: 1/5
   555 | D:1      | Reached skill level 1 in Fighting
   560 | D:1      | Learned a level 2 spell: Searing Ray
   790 | D:1      | Reached XP level 3. HP: 28/28 MP: 4/6
  1258 | D:2      | Found a burning altar of Makhleb.
  1395 | D:2      | Became a worshipper of Makhleb the Destroyer
  1646 | D:2      | Gained mutation: You have large cloven feet. [potion of
                  | mutation]
  1646 | D:2      | Gained mutation: Your spells are a little harder to cast,
                  | but a little more powerful. [potion of mutation]
  1646 | D:2      | Gained mutation: Your spells are harder to cast, but more
                  | powerful. [potion of mutation]
  1646 | D:2      | Gained mutation: Your system is resistant to poisons.
                  | (rPois) [potion of mutation]
  1649 | D:2      | Reached XP level 4. HP: 11/36 MP: 0/8
  2222 | D:3      | Noticed a phantom
  2242 | D:3      | Killed a phantom
  2243 | D:3      | Reached XP level 5. HP: 10/44 MP: 0/9
  2580 | D:3      | Noticed FacelessVoid's ghost (amateur DsGl)
  2582 | D:3      | Found a runed translucent gate.
  2583 | D:3      | Found a runed translucent gate.
  2583 | D:3      | Found a runed translucent gate.
  2953 | D:3      | Identified the +3 helmet of Tucauv {Harm}
  2953 | D:3      | Noticed Robin
  3005 | D:3      | Killed Robin
  3018 | D:3      | Reached * piety under Makhleb
  3350 | D:3      | Found a shadowy altar of Dithmenos.
  4003 | D:4      | Reached XP level 6. HP: 51/51 MP: 7/11
  4404 | D:4      | Noticed Eustachio
  4419 | D:4      | Killed Eustachio
  4420 | D:4      | Reached skill level 5 in Conjurations
  4429 | D:4      | Your scales start taking on a rich purple colour.
  4429 | D:4      | Reached skill level 5 in Spellcasting
  4429 | D:4      | Reached XP level 7. HP: 58/60 MP: 8/14
  4572 | D:4      | Reached ** piety under Makhleb
  4789 | D:5      | Entered Level 5 of the Dungeon
  4831 | D:5      | Noticed Pikel
  4852 | D:5      | Killed Pikel
  4853 | D:5      | Reached skill level 5 in Fighting
  4853 | D:5      | Reached XP level 8. HP: 14/70 MP: 0/17
  5394 | D:5      | Noticed Dowan
  5396 | D:5      | Noticed Duvessa
  5637 | D:5      | Killed Duvessa
  5646 | D:5      | Killed Dowan
  6141 | D:5      | Found a shimmering blue altar of Sif Muna.
  6304 | D:5      | Fell from the grace of Makhleb
  6304 | D:5      | Became a worshipper of Sif Muna the Loreminder
  6374 | D:5      | Found a transporter.
  6374 | D:5      | Noticed Orlauf's ghost (amateur DsGl)
  6415 | D:5      | Found a transporter.
  6578 | D:5      | Noticed Sigmund
  6582 | D:5      | Killed Sigmund
  6583 | D:5      | Reached XP level 9. HP: 79/79 MP: 15/20
  7291 | D:6      | Reached skill level 5 in Dodging
  7519 | D:6      | Noticed Blork the orc
  7524 | D:6      | Killed Blork the orc
  8105 | D:6      | Noticed a smoke demon
  8111 | D:6      | Killed a smoke demon
  8338 | D:6      | Noticed a green death
  8347 | D:6      | Killed a green death
  9001 | D:7      | Found a staircase to the Ecumenical Temple.
  9209 | D:7      | Reached * piety under Sif Muna
  9838 | D:8      | Reached XP level 10. HP: 74/91 MP: 9/23
 10009 | D:8      | Noticed an orange demon
 10017 | D:8      | Killed an orange demon
 10413 | D:8      | Found Noan Madgh's Distillery.
 10440 | D:7      | Was forgiven by Makhleb
 10441 | D:7      | Noticed a cacodemon
 10441 | D:7      | Noticed an orange demon
 10639 | D:7      | Gained mutation: You are clumsy. (Dex -2) [a cacodemon]
 10644 | D:7      | Killed an orange demon
 10644 | D:7      | Slain by a cacodemon

Illustrated notes

Levels and vault maps discovered:
D:1:      dpeg_arrival_long_road, layout_basic, ebering_ecumenical_altar_box
D:2:      layout_rooms, basic_altar
D:3:      layout_loops_corners, nicolae_dithmenos_the_darkroom,
          ebering_ghost_rock_garden, serial_forest,
          infiniplex_forest_straight_4, infiniplex_forest_3_way,
          infiniplex_forest_straight_3, infiniplex_forest_clump_curved,
          infiniplex_forest_lined_3, corexii_leaking_fountain, uniq_robin
D:4:      layout_rooms, hangedman_decor_clover_reticule,
          kennysheep_cluttered_room, uniq_eustachio
D:5:      layout_layer_cave, led_sif_book, gammafunk_ghost_mausoleum,
          enter_ossuary_4, uniq_pikel, uniq_duvessa, uniq_sigmund
D:6:      layout_gridville, uniq_blork_the_orc
D:7:      layout_rooms, minmay_temple_entry_statues
D:8:      layout_layer_cave, minmay_overflow_temple_star_quad, serial_shops,
          shop, ebering_dispersal_statue_hall, wad_floor_pattern_untrapped

Skill      XL: |  1  2  3  4  5  6  7  8  9 |
---------------+----------------------------+-----
Dodging        | 2 3 4 5 |  5.8
Fighting       | 1 2 3 4 5 7 9 |  9.3
Spellcasting   | 3 5 6 7 9 |  9.6
Conjurations   | 5 6 7 |  7.3
Stealth        | |  1.7

Action                   |  1- 3 |  4- 6 |  7- 9 | 10-12 || total
-------------------------+-------+-------+-------+-------++-------
Melee: Flail             |    11 |   115 |       |       ||   126
       Tailslap          |     1 |    21 |    18 |       ||    40
       Kick              |       |    42 |    35 |       ||    77
       Dagger            |       |    75 |       |       ||    75
       Falchion          |       |       |    97 |       ||    97
       Dire flail        |       |       |    58 |       ||    58
 Cast: Magic Dart        |    59 |    19 |     3 |     4 ||    85
       Searing Ray       |     4 |    16 |    51 |    11 ||    82
 Abil: Breathe Dispellin |       |       |     1 |       ||     1
  Use: Potion            |     2 |       |       |       ||     2
       Scroll            |       |     2 |     4 |       ||     6
 Stab: Sleeping          |       |       |     3 |       ||     3
Armor: Skin              |    10 |    46 |    64 |    14 ||   134
Dodge: Dodged            |    13 |   105 |   194 |    29 ||   341
       Rpst.: Falchion   |       |       |    34 |       ||    34

Table legend: (Time is in decaauts)
 A = Elapsed time spent in this place.
 B = Non-inter-level travel time spent in this place.
 C = Inter-level travel time spent in this place.
 D = Time resting spent in this place.
 E = Time spent auto-exploring this place.
 F = Levels seen in this place.
 G = Mean time per level.
                   A        B        C        D        E       F      G
               +--------+--------+--------+--------+--------+-----+--------+
         Total |  10788 |  10392 |    396 |   1387 |   7140 |   8 | 1348.5 |
       Dungeon |  10788 |  10392 |    396 |   1387 |   7140 |   8 | 1348.5 |
               +--------+--------+--------+--------+--------+-----+--------+

Top non-repeatable levels by time:
     D:6: 2274 daAuts
     D:5: 1928 daAuts
     D:3: 1857 daAuts
     D:1: 1194 daAuts
     D:4: 1160 daAuts
     D:2: 1001 daAuts
     D:7: 693 daAuts
     D:8: 676 daAuts
